Map: Kairos Junction LE

Players

SilverSpork

  • Race: Protoss Protoss
  • League: Gold
  • Spawn Location: 11:00

Mesrob - Winner!

  • Race: Terran Terran
  • League: Platinum
  • Spawn Location: 5:00

VOD

Have the link to the VOD?

Description

Time

  • Played on: July 12, 2019, 1:15 a.m.
  • Length: 11:50
Show
View Real Time Build Order
Export as new Build Order

SilverSpork Protoss 

Build Orders:  

Get SALT Encoding   

  12  0:15  Pylon  
  12  0:30  Probe  
  13  0:37  Gateway  
  13  0:42  Probe  
  14  0:43  Assimilator  
  14  0:54  Probe  
  15  1:06  Probe  
  15  1:07  Forge  
  16  1:18  Probe  
  17  1:30  Probe  
  18  1:36  Cybernetics Core  
  18  1:43  Probe  
  18  1:45  Pylon  
  19  1:55  Probe  
  19  1:57  Warp Gate  
  20  2:03  Assimilator  
  20  2:07  Probe  
  21  2:20  Robotics Facility  
  21  2:28  Pylon  
  21  2:29  Probe  
  22  2:37  Probe  
  23  2:45  Probe  
  23  2:47  Photon Cannon  
  23  2:56  Shield Battery  
  23  3:09  Photon Cannon  
  23  3:14  Pylon  
  23  3:29  Immortal  
  27  3:45  Photon Cannon  
  27  3:54  Gateway  
  27  4:03  Photon Cannon  
  27  4:15  Pylon  
  28  4:17  Observer  
  28  4:26  Gateway  
  28  4:43  Stalker  
  30  4:46  Warp Prism  
  32  4:56  Stalker  
  32  5:18  Stalker  
  32  5:24  Stalker  
  30  5:56  Nexus  
  30  5:59  Pylon  
  30  6:01  Gateway  
  30  6:04  Pylon  
  29  6:16  Observer  
  29  6:17  Probe  
  31  6:29  Probe  
  32  6:34  Stalker x2  
  32  6:35  Zealot  
  38  6:50  Immortal  
  33  7:31  Stalker x2  
  33  7:32  Stalker  
  39  7:49  Stalker  
  37  8:18  Zealot x2  
  37  8:19  Zealot x2  
  37  8:45  Immortal  
  41  8:52  Twilight Council  
  41  9:15  Blink  
  41  9:19  Probe  
  42  9:26  Gateway  
  42  9:27  Gateway  
  42  9:35  Pylon  
  42  9:46  Nexus  
  42  9:50  Pylon  
  42  10:02  Stalker  
  42  10:03  Stalker  
  42  10:04  Stalker  
  48  10:17  Photon Cannon  
  48  10:20  Photon Cannon  
  48  10:34  Stalker  
  50  10:49  Shield Battery  
  50  10:53  Zealot  
  52  11:05  Shield Battery  
  34  11:36  Stalker x2  
Show
View Real Time Build Order
Export as new Build Order

Mesrob Terran - Winner!

Build Orders: 2 Factory, Reaper Expand, Mech 

Get SALT Encoding   

  12  0:00  SCV  
  13  0:13  SCV  
  14  0:17  Supply Depot  
  14  0:25  SCV  
  15  0:39  SCV  
  15  0:41  Barracks  
  16  0:51  SCV  
  17  1:03  SCV  
  18  1:16  Refinery  
  18  1:21  Refinery  
  18  1:27  Orbital Command  
  18  1:42  Command Center  
  18  2:10  Reaper  
  18  2:16  SCV  
  19  2:28  SCV  
  20  2:43  Factory, SCV  
  21  2:54  Barracks Tech Lab  
  21  2:55  SCV  
  21  2:56  Orbital Command  
  22  3:02  Bunker  
  22  3:10  SCV  
  23  3:22  SCV  
  23  3:25  Factory  
  24  3:27  Factory Reactor  
  24  3:28  Factory  
  24  3:34  SCV  
  24  3:36  Supply Depot  
  25  4:00  SCV  
  26  4:07  Hellion x2  
  30  4:12  Factory Tech Lab, Siege Tank  
  30  4:15  Orbital Command  
  33  4:19  Bunker  
  33  4:44  Siege Tank  
  33  4:45  Hellion x2  
  36  5:15  Siege Tank  
  36  5:17  Hellion x2  
  43  5:35  Orbital Command  
  43  5:51  SCV  
  44  6:03  SCV  
  44  6:08  SCV  
  45  6:16  SCV  
  46  6:34  SCV  
  46  6:53  Supply Depot  
  46  6:54  SCV  
  46  6:57  Hellion  
  45  7:06  Siege Tank, SCV  
  46  7:15  Hellion  
  48  7:18  SCV  
  46  7:28  Marine  
  37  7:46  Marine  
  37  8:03  Siege Tank  
  37  8:04  Hellion x2  
  44  8:09  Marine  
  45  8:14  Supply Depot  
  28  8:51  Engineering Bay  
  28  8:58  Hellion x2  
  28  8:59  Siege Tank x2  
  38  9:38  Siege Tank  
  41  9:39  Hellion x2  
  41  9:40  Marine  
  46  9:46  SCV  
  46  9:50  Barracks  
  47  9:58  Marine, Missile Turret, SCV  
  49  10:12  Siege Tank  
  49  10:13  Hellion  
  49  10:14  Hellion  
  56  10:15  Hellion, Marine, Command Center  
  56  10:19  Missile Turret  
  59  10:22  SCV x2  
  61  10:33  Marine  
  62  10:41  Missile Turret  
  62  10:50  SCV x2  
  62  10:51  Hellion x2, Marine  
  62  10:55  Supply Depot x2  
  69  11:03  SCV  
  70  11:10  Missile Turret  
  70  11:13  Siege Tank  
  70  11:15  Marine, SCV  
  70  11:17  Hellion x2  
  67  11:18  Supply Depot  
  67  11:19  Supply Depot  
  67  11:31  Missile Turret  
  65  11:41  Supply Depot  
  65  11:44  Supply Depot  
Tags
 
Add a new tag
Caveats
  • Supply blocks, unpowered buildings, or Contaminate may cause inaccurate times.
  • Supply counts are checked every 10 seconds.